Map: Canyon of Tribulation

Players

DanielC

  • Race: Terran Terran
  • Spawn Location: 12:00

ARTIMUL

  • Race: Terran Terran
  • Spawn Location: 3:00

rOOtbEEr

  • Race: Protoss Protoss
  • Spawn Location: 12:00

MattBarry - Winner!

  • Race: Zerg Zerg
  • Spawn Location: 6:00

MattBarry - Winner!

  • Race: Terran Terran
  • Spawn Location: 6:00

Alebay - Winner!

  • Race: Protoss Protoss
  • Spawn Location: 7:00

VOD

Have the link to the VOD?

Description

Time

  • Played on: Jan. 5, 2023, 1:32 a.m.
  • Length: 10:42
Show
View Real Time Build Order
Export as new Build Order

DanielC Terran 

Build Orders:  

Get SALT Encoding   

  12  0:15  SCV  
  12  0:19  Supply Depot  
  13  0:27  SCV  
  14  0:39  SCV  
  15  0:56  Barracks  
  15  0:58  SCV  
  16  1:04  Refinery  
  16  1:07  Refinery  
  16  1:10  SCV  
  18  1:40  SCV  
  18  1:45  Barracks Tech Lab  
  18  1:55  Orbital Command  
  18  3:01  Marine  
  18  3:04  Combat Shield  
  19  3:07  SCV  
  20  3:18  Marine  
  20  3:19  SCV  
  22  3:30  Factory  
  22  3:31  SCV  
  23  4:17  Factory Tech Lab  
  23  4:22  Supply Depot  
  23  4:43  Marine  
  23  4:44  SCV  
  23  4:45  Supply Depot  
  13  5:01  Marine  
Show
View Real Time Build Order
Export as new Build Order

ARTIMUL Terran 

Build Orders: Reaper Expand 

Get SALT Encoding   

  12  0:39  SCV  
  13  0:43  Supply Depot  
  13  0:44  Refinery x2  
  13  0:45  Engineering Bay  
  13  0:51  SCV  
  14  1:03  SCV  
  15  1:16  SCV  
  16  1:28  Refinery  
  16  1:30  Barracks  
  17  1:35  Planetary Fortress  
  16  1:43  Supply Depot  
  16  1:49  Hi-Sec Auto Tracking  
  16  1:55  Missile Turret  
  16  2:12  SCV  
  17  2:22  Factory  
  17  2:24  SCV  
  18  2:31  Reaper  
  18  2:36  SCV  
  18  2:37  Command Center  
  20  2:48  SCV  
  21  2:56  Neosteel Armor  
  21  3:00  Supply Depot, SCV  
  22  3:07  Starport  
  22  3:08  Factory Tech Lab  
  22  3:13  SCV  
  23  3:25  SCV  
  24  3:37  SCV  
  25  4:06  SCV  
  25  4:08  SCV  
  26  4:14  Fusion Core  
  26  4:18  SCV  
  26  4:20  SCV  
  26  4:22  Marine  
  29  4:30  SCV  
  30  4:32  SCV, Factory Tech Lab  
  31  4:38  Refinery  
  31  4:39  Marine  
  31  4:42  SCV  
  31  4:44  SCV  
  34  4:52  Liberator  
  34  4:54  Siege Tank  
  34  4:56  SCV  
  34  4:57  Marine  
  34  4:59  Planetary Fortress  
  42  5:08  SCV  
  42  5:09  Starport  
  42  5:10  Weapon Refit  
  43  5:15  Marine  
  43  5:18  Supply Depot  
  44  5:24  Supply Depot  
  44  5:26  Siege Tank  
  47  5:31  Supply Depot  
  47  5:32  Supply Depot  
  47  5:33  Marine  
  48  5:51  Marine  
  45  5:58  Siege Tank  
  48  6:04  Battlecruiser  
  48  6:07  Starport Tech Lab  
  48  6:09  Marine  
  55  6:38  Widow Mine  
  57  6:41  Armory  
  57  6:42  Battlecruiser  
  57  6:46  Supply Depot  
  63  6:49  Supply Depot  
  63  6:50  SCV  
  63  6:53  Supply Depot  
  64  6:59  Widow Mine  
  66  7:02  SCV  
  71  7:20  Widow Mine  
  59  7:53  SCV  
  30  8:28  SCV  
  31  8:40  SCV  
  22  9:03  Marine  
  22  9:09  SCV  
  22  9:13  Factory  
  22  9:21  Marine, SCV  
  23  9:33  SCV  
  18  9:39  Supply Depot, Marine  
  18  9:41  Supply Depot  
  18  9:42  Supply Depot  
  19  9:45  SCV  
  18  10:00  Marine, SCV  
  18  10:03  Armory  
  18  10:06  Supply Depot  
  20  10:09  Supply Depot  
  20  10:13  SCV  
Show
View Real Time Build Order
Export as new Build Order

rOOtbEEr Protoss 

Build Orders:  

Get SALT Encoding   

  12  0:34  Probe  
  13  0:44  Probe  
  13  0:45  Pylon  
  13  0:47  Assimilator  
  14  0:52  Probe  
  15  1:00  Probe  
  16  1:08  Probe  
  16  1:16  Probe  
  17  1:20  Assimilator  
  18  1:27  Probe  
  18  1:28  Gateway  
  18  1:31  Forge  
  19  2:11  Probe  
  20  2:21  Cybernetics Core  
  20  2:24  Pylon, Probe  
  20  2:28  Pylon  
  21  2:34  Pylon  
  21  2:36  Probe  
  22  2:48  Probe  
  22  2:50  Nexus  
  23  3:00  Probe  
  24  3:12  Probe  
  25  3:24  Probe  
  26  3:34  Pylon  
  26  3:36  Probe  
  26  3:37  Assimilator  
  27  3:41  Assimilator  
  27  3:46  Pylon  
  27  3:49  Probe  
  25  4:01  Probe  
  26  4:07  Warp Gate  
  26  4:09  Stalker  
  28  4:27  Probe  
  29  4:37  Pylon  
  28  4:39  Stalker, Probe  
  28  4:43  Pylon  
  19  4:51  Probe  
  9  5:09  Stalker  
  11  5:29  Probe  
  10  5:37  Probe  
  10  5:39  Photon Cannon, Stalker  
  10  5:40  Photon Cannon  
  5  6:52  Probe  
  5  6:58  Probe  
  6  7:06  Probe  
  8  7:16  Probe  
  9  8:53  Zealot  
  9  9:23  Probe  
  8  9:31  Probe  
  9  9:41  Probe  
  10  9:51  Zealot  
  12  9:53  Probe  
  11  10:05  Probe  
Show
View Real Time Build Order
Export as new Build Order

MattBarry Zerg - Winner!

Build Orders: Pool First 

Get SALT Encoding   

  12  0:00  Drone  
  13  0:12  Overlord  
  13  0:18  Drone  
  14  0:31  Drone  
  14  0:32  Drone  
  16  0:36  Drone  
  18  0:50  Drone, Extractor  
  17  0:58  Spawning Pool  
  17  1:02  Drone  
  17  1:03  Evolution Chamber  
  16  1:09  Drone  
  17  1:19  Drone  
  18  1:36  Extractor, Drone  
  18  1:42  Drone  
  19  1:50  Queen  
  21  1:55  Metabolic Boost  
  21  1:56  Drone  
  22  2:12  Hatchery  
  22  2:13  Drone  
  22  2:25  Overlord  
  22  2:31  Zerg Melee Weapons Level 1  
  22  2:44  Zergling x4  
  22  2:45  Zergling x2  
  25  2:59  Zergling x2  
  25  3:00  Zergling x6  
  29  3:09  Drone  
  30  3:37  Spine Crawler  
  30  3:41  Drone  
  23  3:56  Zergling x8  
  23  3:57  Zergling x4  
  28  4:08  Zergling x2  
  29  4:10  Queen  
  29  4:15  Queen  
  33  4:29  Zergling x6, Overlord  
  33  4:30  Overlord  
  35  5:02  Zergling x2  
  35  5:03  Zergling x12  
  40  5:12  Baneling Nest  
  38  5:38  Zergling x4  
  38  5:39  Zergling x6  
  38  5:40  Zergling x2  
  44  5:58  Lair  
  43  6:11  Baneling  
  43  6:12  Baneling x14  
  43  6:19  Baneling  
  43  6:21  Baneling  
  39  6:38  Zergling x2  
  39  6:39  Zergling x8  
  44  6:42  Zergling x2  
  44  6:45  Baneling x2  
  44  6:46  Baneling  
  45  6:49  Baneling  
  45  6:51  Baneling  
  45  6:52  Baneling  
  45  6:55  Baneling  
  45  6:57  Baneling  
  45  7:09  Centrifugal Hooks  
  45  7:24  Baneling x2  
  45  7:25  Baneling x6  
  45  7:40  Zergling x6  
  38  7:56  Zergling x2  
  38  7:57  Zergling x8  
  33  8:21  Baneling x6  
  33  8:29  Zergling x6  
  36  8:36  Baneling x7  
  36  8:37  Baneling  
  36  8:52  Zergling x6  
  34  9:08  Zergling x2  
  34  9:09  Zergling x8  
  36  9:34  Drone x8  
  44  10:03  Baneling x8  
  44  10:04  Baneling x15  
  44  10:20  Zergling x2  
  44  10:21  Zergling x12  
Show
View Real Time Build Order
Export as new Build Order

MattBarry Terran - Winner!

Build Orders: 2 Factory, Reaper Expand, Mech 

Get SALT Encoding   

  12  0:02  SCV  
  13  0:14  SCV  
  13  0:20  Supply Depot  
  14  0:26  SCV  
  15  0:37  Refinery  
  15  0:42  SCV  
  16  0:47  Barracks  
  16  0:54  SCV  
  17  1:06  SCV  
  18  1:18  SCV  
  19  1:34  Reaper, Orbital Command  
  20  1:48  Command Center  
  20  2:00  SCV  
  21  2:06  Factory  
  21  2:13  Supply Depot, SCV  
  22  2:15  Barracks Reactor  
  22  2:19  Refinery  
  22  2:25  SCV  
  24  2:37  SCV  
  23  2:53  SCV  
  24  2:59  Factory  
  24  3:04  Supply Depot  
  24  3:06  Hellion x2  
  24  3:07  SCV  
  24  3:10  Orbital Command  
  24  3:11  Barracks Tech Lab  
  29  3:21  SCV  
  30  3:28  Hellion x2  
  34  3:34  SCV  
  34  3:35  SCV  
  36  3:46  SCV  
  37  3:55  SCV  
  38  3:59  SCV  
  39  4:11  SCV x2  
  39  4:12  Siege Tank  
  39  4:13  Hellion x2  
  48  4:18  Starport, Armory  
  48  4:23  SCV x2  
  50  4:26  Supply Depot  
  50  4:27  Supply Depot  
  50  4:35  SCV x2  
  52  4:41  Hellion  
  54  4:48  Hellion, SCV x2, Siege Tank  
  61  5:00  Starport Reactor, SCV x2  
  63  5:12  SCV x2  
  63  5:13  Engineering Bay  
  65  5:15  Terran Vehicle Weapons Level 1  
  65  5:27  SCV x2  
  67  5:29  Hellion  
  69  5:36  Supply Depot x2  
  69  5:39  SCV  
  70  5:51  SCV  
  70  5:52  Hellion  
  70  5:53  Siege Tank  
  66  6:09  Infernal Pre-Igniter  
  66  6:11  Liberator  
  69  6:14  SCV x2  
  69  6:17  Refinery  
  69  6:18  Refinery  
  68  6:19  Command Center  
  68  6:23  Hellion x2  
  72  6:26  SCV x2  
  74  6:36  Liberator  
  74  6:37  Supply Depot  
  74  6:38  Supply Depot  
  74  6:39  Supply Depot  
  77  6:49  Hellion x2  
  77  6:50  Widow Mine  
  83  7:31  Siege Tank  
  83  7:32  Hellion x2  
  84  7:47  Factory  
  84  7:49  Factory  
  64  8:56  Factory Tech Lab x2  
  58  9:05  SCV x2  
  60  9:17  SCV x2  
  60  9:21  Thor x3  
  60  9:23  Hellion x2  
  84  9:28  Orbital Command  
  84  9:41  Liberator x2  
  90  9:55  Refinery  
  90  9:56  Refinery  
  90  9:59  Command Center  
Show
View Real Time Build Order
Export as new Build Order

Alebay Protoss - Winner!

Build Orders:  

Get SALT Encoding   

  12  0:00  Probe  
  13  0:12  Probe  
  14  0:23  Pylon  
  14  0:24  Probe  
  15  0:41  Probe  
  15  0:42  Gateway  
  16  0:51  Assimilator  
  16  0:53  Probe  
  17  1:05  Probe  
  17  1:08  Forge  
  18  1:16  Assimilator  
  18  1:17  Probe  
  19  1:28  Zealot (Chrono Boost)  
  19  1:29  Probe  
  22  1:41  Pylon, Probe  
  23  1:59  Zealot  
  25  2:03  Pylon  
  25  2:13  Cybernetics Core  
  25  2:25  Protoss Ground Weapons Level 1  
  25  2:28  Photon Cannon  
  25  2:38  Zealot  
  27  2:50  Warp Gate  
  27  2:59  Twilight Council  
  27  3:32  Nexus  
  27  3:37  Charge  
  27  4:06  Gateway  
  27  4:07  Gateway  
  27  4:16  Probe  
  28  4:47  Probe x2  
  28  4:51  Stalker  
  32  4:59  Probe x2  
  34  5:16  Stalker x3  
  40  5:42  Pylon  
  40  5:43  Pylon  
  40  5:44  Stalker x3  
  38  6:34  Stalker x2  
  38  6:35  Stalker  
  44  6:45  Gateway  
  44  6:48  Gateway  
  44  6:57  Blink  
  44  7:04  Zealot x3  
  44  7:06  Protoss Ground Armor Level 1  
  48  7:27  Probe x2  
  50  7:38  Zealot x2  
  50  7:39  Zealot, Probe x2  
  56  7:51  Probe  
  49  8:09  Stalker x4  
  49  8:10  Stalker  
  49  8:12  Probe x2  
  53  8:24  Probe x2  
  45  8:36  Probe x2  
  39  8:57  Stalker x5  
  49  9:19  Pylon  
  49  9:20  Pylon  
  49  9:21  Zealot x5  
  49  9:22  Pylon  
  49  9:24  Pylon  
  59  9:26  Pylon  
  59  9:42  Zealot x4  
  59  9:43  Zealot  
Tags
 
Add a new tag
Caveats
  • Supply blocks, unpowered buildings, or Contaminate may cause inaccurate times.
  • Supply counts are checked every 10 seconds.